 Dungeon Crawl Stone Soup version 0.27-a0-1502-g47ed6a6988 (webtiles) character file.

Game seed: 12558117264049264880

1502 dracfodder the Magician (level 9, -5/63 HPs)
             Began as a Djinni Fire Elementalist on July 8, 2021.
             Was an Initiate of Qazlal.
             Slain by a wraith (11 damage)
             ... on level 7 of the Dungeon.
             The game lasted 00:54:45 (7313 turns).

dracfodder the Magician (Djinni Fire Elementalist)  Turns: 7313, Time: 00:54:46

Health: -5/63      AC:  4    Str:  7    XL:     9   Next: 8%
Gold:   679        EV: 13    Int: 21    God:    Qazlal [......] SH:  0 Dex: 13

rFire    + + .     SeeInvis .   a - +1 spear (vorpal)
rCold    . . .     Faith    .   (no shield)
rNeg     . . .     Spirit   .   j - +2 robe {rC+}
rPois    ∞         Reflect  .   (no helmet)
rElec    .         Harm     .   (no cloak)
rCorr    .         Rampage  .   (no gloves)
Will     .....                  (boots unavailable)
Stlth    ++........             r - amulet of regeneration
HPRegen  1.20/turn              u - ring of wizardry
MPRegen  0.00/turn              (no ring)

@: flying, slowed, studying Spellcasting, very slow
A: sickness immunity, fire resistance 2, cold vulnerability 1, float, innate
caster, hp casting, extra vitality 1
a: Renounce Religion


You were on level 7 of the Dungeon.
You worshipped Qazlal.
Qazlal was noncommittal.
You visited 2 branches of the dungeon, and saw 9 of its levels.

You collected 1113 gold pieces.
You spent 434 gold pieces at shops.

Inventory:

Hand Weapons
 a - a +1 vorpal spear (weapon)
Missiles
 b - 151 stones
 d - 25 poisoned darts
 f - 43 arrows
 i - 53 bolts
Armour
 j - a +2 robe of cold resistance (worn)
Jewellery
 r - an amulet of regeneration (around neck)
 s - a ring of ice
 u - a ring of wizardry (left hand)
Wands
 h - a wand of charming (8)
Scrolls
 l - 2 scrolls of blinking
 m - a scroll of teleportation
 n - a scroll of enchant armour
 o - a scroll of identify
Potions
 c - 4 potions of haste
 e - a potion of berserk rage
 g - 2 potions of might
 k - a potion of invisibility
 p - a potion of ambrosia {unknown}
 q - 2 potions of heal wounds {unknown}
 t - a potion of curing {unknown}


   Skills:
 * Level 4.5 Fighting
 + Level 2.5 Polearms
 + Level 3.7 Dodging
 + Level 2.9 Stealth
 + Level 7.2 Spellcasting


You couldn't memorise any spells.
You knew the following spells:

 Your Spells              Type           Power      Damage    Failure   Level
a - Foxfire               Conj/Fire      100%       2x1d9     1%          1
b - Conjure Flame         Conj/Fire      38%        6-21      1%          3
c - Inner Flame           Hex/Fire       38%        N/A       1%          3
d - Sticky Flame          Conj/Fire      38%        2d6       1%          4
e - Fireball              Conj/Fire      19%        3d9       4%          5
f - Shock                 Conj/Air       100%       1d9       1%          1
g - Poisonous Vapours     Pois/Air       76%        N/A       1%          2
h - Passwall              Tmut/Erth      31%        N/A       1%          2
i - Iskenderun's Mystic   Conj/Tloc      38%        2d9       1%          4
Your spell library was empty.

Dungeon Overview and Level Annotations

Branches:
Dungeon (8/15)             Temple (1/1) D:5
   Lair: D:8-11

Altars:
Ashenzari
Cheibriados
Dithmenos
Elyvilon
Gozag
Hepliaklqana
Kikubaaqudgha
Makhleb
Nemelex Xobeh
Okawaru
Qazlal
Ru
Sif Muna
Trog
Uskayaw
Vehumet
Wu Jian
Xom
Yredelemnul
Zin

Shops:
D:1 [   D:3 [(?(


Innate Abilities, Weirdness & Mutations

You are immune to sickness and miasma.
You are immune to poison.
Your flesh is very heat resistant. (rF++)
You are vulnerable to cold. (rC-)
You float through the air rather than walking.
You learn spells naturally, not from books.
Your magical power is your life essence.
You have superior vitality. (+4 HP)


Message History

The wraith is almost destroyed.
The foxfire hits the wraith but does no damage.
The wraith is almost destroyed.
The foxfire hits the wraith but does no damage.
The wraith is almost destroyed.
The wraith hits you. The wraith drains your vigour!
You feel as though you will be slow longer.
The wraith hits you. The wraith drains your vigour!
You feel as though you will be slow longer.
Casting: Foxfire (safe; 1% risk of failure)
Confirm with . or Enter, or press ? or * to list all spells.
You conjure some foxfire!
The wraith closely misses you.
Casting: Foxfire (safe; 1% risk of failure)
Confirm with . or Enter, or press ? or * to list all spells.
You conjure some foxfire!
The foxfire hits the wraith.
The wraith is almost destroyed.
The foxfire hits the wraith but does no damage.
The wraith is almost destroyed.
The wraith closely misses you. The wraith hits you!
* * * LOW HITPOINT WARNING * * *
The wraith drains your vigour!
You feel as though you will be slow longer.
Casting: Foxfire (safe; 1% risk of failure)
Confirm with . or Enter, or press ? or * to list all spells.
You conjure some foxfire!
* * * LOW HITPOINT WARNING * * *
The wraith closely misses you.
You hit the wraith but do no damage.
The wraith is almost destroyed.
The foxfire hits the wraith.
The wraith is almost destroyed.
The foxfire hits the wraith but does no damage.
The wraith is almost destroyed.
Your foxfire dissipates!
The foxfire hits the wraith but does no damage.
The wraith is almost destroyed.
The wraith hits you!
* * * LOW HITPOINT WARNING * * *
The wraith hits you!
You die...

... #.# ##.## #...# ###
#...# ##§## ...
##.###.§§### #.#
...)..W@§..#######.####.
##(#######..............
#.#######.####. #.# #.#
#. #.# #.# #. #.# #.# #.
#.# #.# #. #.# #.# #.
#.# #.# #.


You could see a wraith.

Vanquished Creatures
  Menkaure (D:4)
  Duvessa (D:6)
  3 ogres
  A bullfrog (D:6)
  Dowan (D:6)
  2 water moccasin zombies
  4 scorpions
  A wyvern skeleton (D:5)
  A howler monkey (D:5)
  2 hounds (D:5)
  An orc priest (D:5)
  A bullfrog zombie (D:6)
  Ijyb (D:3)
  Terence (D:3)
  An iguana (D:4)
  An orc wizard (D:5)
  A hound skeleton (D:5)
  11 adders
  4 gnolls (D:7)
  A shadow imp (D:7)
  2 ufetubi
  An adder zombie (D:5)
  3 dart slugs
  6 orcs
  8 bats
  12 endoplasms
  6 goblins
  3 hobgoblins
  3 quokkas
  6 ball pythons
  3 frilled lizards (D:2)
  10 kobolds
  3 rats (D:3)
106 creatures vanquished.

Vanquished Creatures (others)
  242 foxfires
242 creatures vanquished.

Grand Total: 348 creatures vanquished

Notes
Turn   | Place    | Note
-------+----------+-------------------------------------------
     0 | D:1      | dracfodder the Djinni Fire Elementalist began the quest for
                  | the Orb.
     0 | D:1      | Reached XP level 1. HP: 15/15 MP: 0/0
   517 | D:1      | Reached XP level 2. HP: 19/21 MP: 0/0
   991 | D:1      | Reached XP level 3. HP: 25/26 MP: 0/0
   991 | D:1      | Learned a level 1 spell: Shock
  1061 | D:1      | Reached skill level 3 in Spellcasting
  1266 | D:1      | Found Viploaschum's Armour Shop.
  1643 | D:2      | Found a faded altar of an unknown god.
  1876 | D:2      | Reached skill level 1 in Fighting
  1918 | D:2      | Reached XP level 4. HP: 29/32 MP: 0/0
  2640 | D:3      | Reached XP level 5. HP: 35/37 MP: 0/0
  2640 | D:3      | Learned a level 2 spell: Poisonous Vapours
  2656 | D:3      | Found a shimmering altar of Xom.
  2768 | D:3      | Noticed Ijyb
  2774 | D:3      | Killed Ijyb
  2826 | D:3      | Found Rilu's Weapon Shoppe.
  2842 | D:3      | Identified a scroll of acquirement
  2842 | D:3      | Acquired 629 gold pieces
  2938 | D:1      | Bought a +1 robe of cold resistance for 152 gold pieces
  3113 | D:3      | Found Etuovau's Armour Emporium.
  3560 | D:3      | Found Qenurade's Weapon Boutique.
  3759 | D:3      | Found Otuodutse's Magic Scroll Emporium.
  3762 | D:3      | Bought a scroll of blinking for 90 gold pieces
  3762 | D:3      | Bought a scroll of noise for 12 gold pieces
  3762 | D:3      | Bought 2 scrolls of enchant armour for 180 gold pieces
  3791 | D:3      | Reached skill level 4 in Spellcasting
  3791 | D:3      | Reached XP level 6. HP: 35/43 MP: 0/0
  4057 | D:3      | Noticed Terence
  4072 | D:3      | Killed Terence
  4114 | D:3      | Found a sacrificial altar of Ru.
  4159 | D:4      | Noticed Menkaure
  4165 | D:4      | Killed Menkaure
  4268 | D:4      | Reached XP level 7. HP: 46/49 MP: 0/0
  4268 | D:4      | Learned a level 2 spell: Passwall
  4296 | D:5      | Entered Level 5 of the Dungeon
  4945 | D:5      | Found a staircase to the Ecumenical Temple.
  4979 | D:5      | Reached skill level 5 in Spellcasting
  5424 | D:5      | Reached skill level 1 in Polearms
  5602 | D:5      | Reached XP level 8. HP: 56/56 MP: 0/0
  6142 | Temple   | Entered the Ecumenical Temple
  6498 | D:6      | Acquired a manual of Spellcasting
  6514 | D:6      | Reached skill level 6 in Spellcasting
  6704 | D:6      | Noticed Duvessa
  6721 | D:6      | Killed Duvessa
  6722 | D:6      | Reached XP level 9. HP: 14/63 MP: 0/0
  6722 | D:6      | Learned a level 4 spell: Iskenderun's Mystic Blast
  6816 | D:6      | Noticed Dowan
  6822 | D:6      | Killed Dowan
  6823 | D:6      | Reached skill level 7 in Spellcasting
  7060 | Temple   | Became a worshipper of Qazlal Stormbringer
  7313 | D:7      | Slain by a wraith

Illustrated notes

Levels and vault maps discovered:
D:1:      eino_arrival_water_star, layout_basic, serial_shops, shop,
          minmay_quantized
D:2:      layout_loops_ring, hellmonk_ecumenical_altar_run_dry,
          amcnicky_mini_corridor_feature, corexii_leaking_fountain
D:3:      layout_loops_corners, amcnicky_altar_gilded,
          nicolae_ru_the_path_less_chosen, serial_shops, shop,
          nicolae_shop_behind_doors, shop, shop, uniq_terence, uniq_ijyb
D:4:      layout_loops_ring, minmay_crystal_room, uniq_menkaure
D:5:      layout_loops_ring, minmay_temple_entry_antechambers, eino_tiny_chamber
D:6:      layout_rooms, uniq_duvessa
D:7:      layout_loops_ring, minmay_misc_feat_hallway,
          minmay_guarded_unrand_finisher
D:8:      layout_basic, serial_shops, kennysheep_little_box,
          minmay_starry_boxes, uniq_maggie
Temple:   hc_temple_tempest_star

Skill      XL: |  1  2  3  4  5  6  7  8  9 |
---------------+----------------------------+-----
Spellcasting   | 3 4 5 6 7 |  7.2
Fighting       | 1 2 3 4 |  4.5
Stealth        | 2 |  2.9
Dodging        | 3 |  3.7
Polearms       | 1 2 |  2.5

Action                   |  1- 3 |  4- 6 |  7- 9 || total
-------------------------+-------+-------+-------++-------
Melee: Spear             |    12 |    16 |    46 ||    74
 Cast: Foxfire           |    36 |    35 |    72 ||   143
       Shock             |    13 |    35 |    44 ||    92
       Poisonous Vapours |       |    12 |    22 ||    34
       Iskenderun's Myst |       |       |     1 ||     1
  Use: Scroll            |     5 |     4 |     5 ||    14
       Potion            |       |       |     1 ||     1
Armor: Robe              |     7 |     3 |    13 ||    23
Dodge: Dodged            |    19 |     8 |    55 ||    82

Table legend: (Time is in decaauts)
 A = Elapsed time spent in this place.
 B = Non-inter-level travel time spent in this place.
 C = Inter-level travel time spent in this place.
 D = Time resting spent in this place.
 E = Time spent auto-exploring this place.
 F = Levels seen in this place.
 G = Mean time per level.
                   A        B        C        D        E       F      G
               +--------+--------+--------+--------+--------+-----+--------+
         Total |   7334 |   6711 |    623 |   1872 |   3850 |   9 |  814.9 |
       Dungeon |   7037 |   6501 |    536 |   1872 |   3644 |   8 |  879.6 |
        Temple |    297 |    211 |     86 |      0 |    206 |   1 |  297.0 |
               +--------+--------+--------+--------+--------+-----+--------+

Top non-repeatable levels by time:
     D:1: 1685 daAuts
     D:3: 1524 daAuts
     D:5: 1156 daAuts
     D:2: 953 daAuts
     D:6: 793 daAuts
     D:4: 749 daAuts
  Temple: 297 daAuts
     D:7: 173 daAuts
     D:8: 1 daAuts
